 Dungeon Crawl Stone Soup version 0.26-a0-661-g406de6ba63 (webtiles) character file.

Game seed: 3929343248464184354

1138 lunkers the Covert (level 8, 0/48 HPs)
             Began as a Kobold Delver on Oct 8, 2020.
             Was a Believer of Ashenzari.
             Splashed by a jelly's acid (7 damage)
             ... on level 5 of the Dungeon.
             The game lasted 00:11:43 (6681 turns).

lunkers the Covert (Kobold Delver)                  Turns: 6681, Time: 00:11:44

Health: 0/48       AC:  0    Str: 10    XL:     8   Next: 63%
Magic:  8/8        EV: 15    Int: 12    God:    Ashenzari [**....]
Gold:   233        SH:  0    Dex: 17    Spells: 7/7 levels left

rFire    . . .     SeeInvis .   a - +2 dagger (flame)
rCold    . . .     Faith    .   (shield restricted)
rNeg     . . .     Spirit   .   j - +1 ring mail {rPois} (curse)
rPois    +         Reflect  .   (no helmet)
rElec    .         Harm     .   (no cloak)
rCorr    .         Rampage  .   o - +0 pair of gloves (curse)
MR       .....                  t - +0 pair of boots (curse)
Stlth    ++++++....             (no amulet)
HPRegen  0.16/turn              v - ring of stealth (curse)
MPRegen  0.11/turn              (no ring)

@: corroded, slowed, very slow
A: small, nightstalker 3
a: Curse Item, Scrying, Renounce Religion


You were on level 5 of the Dungeon.
You worshipped Ashenzari.
Ashenzari was pleased with you.
You visited 2 branches of the dungeon, and saw 6 of its levels.

You collected 233 gold pieces.

Inventory:

Hand Weapons
 a - a +2 dagger of flaming (weapon)
 b - a +4 flail of protection
 y - a +0 short sword
 B - a +1 short sword of protection
Missiles
 m - 5 poisoned darts (quivered)
 s - 2 throwing nets {=f}
 z - 8 datura-tipped darts {=f}
Armour
 j - a cursed +1 ring mail of poison resistance (worn)
 o - a cursed +0 pair of gloves (worn)
 t - a cursed +0 pair of boots (worn)
 w - a +0 leather armour
Jewellery
 v - a cursed ring of stealth (left hand)
Wands
 g - a wand of digging (3)
Scrolls
 c - 3 scrolls of fog
 d - a scroll of magic mapping
 f - a scroll of noise {unknown}
 h - 2 scrolls of identify
 k - 3 scrolls of immolation {unknown}
 l - a scroll of enchant armour {unknown}
 n - 3 scrolls of amnesia {unknown}
 q - 3 scrolls of fear
 r - a scroll of teleportation {unknown}
Potions
 e - 3 potions of heal wounds
 i - 3 potions of cancellation
 p - a potion of brilliance
 u - 2 potions of haste
 x - a potion of curing
 A - a potion of invisibility {unknown}


   Skills:
 + Level 4.2 Fighting
 - Level 8.0 Short Blades
 + Level 3.7(5.1) Dodging
 + Level 11.6 Stealth


You had 7 spell levels left.
You didn't know any spells.
Your spell library contained the following spells:

 Spells                   Type           Power        Failure   Level
 Freeze                   Ice            #...         65%         1
 Frozen Ramparts          Ice            #.....       95%         3
 Ozocubu's Armour         Ice            #.......     95%         3
 Hailstorm                Conj/Ice       #.......     100%        4
 Summon Ice Beast         Ice/Summ       #.......     100%        4


Dungeon Overview and Level Annotations

Branches:
Dungeon (5/15)             Temple (1/1) D:4

Altars:
Ashenzari
Cheibriados
Dithmenos
Elyvilon
Fedhas
Gozag
Hepliaklqana
Kikubaaqudgha
Makhleb
Nemelex Xobeh
Okawaru
Qazlal
Ru
Sif Muna
Trog
Vehumet
Wu Jian
Xom
Yredelemnul
Zin
The Shining One


Innate Abilities, Weirdness & Mutations

You are small and have problems with some larger weapons.
You are completely attuned to the shadows.


Message History

You hit the jelly. You burn the jelly. The acid corrodes you!
Your hands burn!
The jelly is severely wounded.
The jelly closely misses you.
The orc wizard points at you and mumbles some strange words.
The magic dart hits you!
* * * LOW HITPOINT WARNING * * *
You hit the jelly but do no damage.
Your hands burn!
* * * LOW HITPOINT WARNING * * *
The jelly is severely wounded.
The jelly hits you.
* * * LOW HITPOINT WARNING * * *
You are splashed with acid.
* * * LOW HITPOINT WARNING * * *
The orc wizard gestures wildly while chanting.
The orc wizard blinks!
You see here a +0 ring mail.
The jelly hits you.
* * * LOW HITPOINT WARNING * * *
You are splashed with acid!
You die...

#.#.......#####...........#
#.#.......#####.......######
#...............(...........
####.#######.#####.######.###..
.....#######.#####(# #........
#####........(.....# #.#..##..
#........((....####.#...#..
.####..........J...#<.......#..
....#.........@.)..####.#...#..
...........).....o.####.#.#.#.#
..........................#.#...#
.# ###'#######'####..######.#...#
.###.....#* .., *##.# #.#....
.##.[...## ,,,, ###.### #.#.#.#
.#.....##* , ##.#...# #.###.#
.#....## , , *##..#...# #.###..
.'...## ,, ##...'...# #......


You could see a jelly (poisoned) and an orc wizard.

Vanquished Creatures
  Edmund (D:5)
  A phantom (D:5)
  3 ogres
  A scorpion (D:5)
  A howler monkey (D:4)
  A bullfrog zombie (D:5)
  An orc wizard (D:5)
  A bullfrog skeleton (D:4)
  Natasha (twice) (D:2)
  An iguana (D:4)
  4 worker ants (D:5)
  3 gnolls (D:5)
  13 adders
  5 river rats (D:4)
  An ufetubus (D:4)
  2 oozes (D:3)
  An adder skeleton (D:4)
  A dart slug (D:1)
  9 worms
  3 leopard geckos
  7 orcs (D:5)
  2 ball pythons
  11 bats
  2 giant cockroaches
  4 goblins
  8 hobgoblins
  7 jackals
  5 kobolds
  3 quokkas
  6 frilled lizards
  A quokka skeleton (D:5)
  6 rats
117 creatures vanquished.

Vanquished Creatures (others)
  10 plants (D:5)
10 creatures vanquished.

Grand Total: 127 creatures vanquished

Notes
Turn   | Place    | Note
-------+----------+-------------------------------------------
     0 | D:5      | lunkers the Kobold Delver began the quest for the Orb.
     0 | D:5      | Reached XP level 1. HP: 14/14 MP: 1/1
    34 | D:5      | Noticed an orc wizard
   263 | D:5      | Noticed a scorpion
   266 | D:5      | Killed a scorpion
   266 | D:5      | Reached skill level 7 in Stealth
   266 | D:5      | Reached XP level 2. HP: 19/19 MP: 2/2
   266 | D:5      | Reached XP level 3. HP: 23/23 MP: 3/3
   266 | D:5      | Reached XP level 4. HP: 28/28 MP: 4/4
   506 | D:4      | Found a staircase to the Ecumenical Temple.
   527 | Temple   | Entered the Ecumenical Temple
   773 | Temple   | Became a worshipper of Ashenzari the Shackled
   802 | D:4      | Found a sacrificial altar of Ru.
  1430 | D:3      | Reached skill level 8 in Stealth
  1441 | D:3      | Reached XP level 5. HP: 23/32 MP: 5/5
  1730 | D:3      | Reached skill level 5 in Short Blades
  1859 | D:2      | Found a white marble altar of Elyvilon.
  2747 | D:2      | Noticed Natasha
  2793 | D:2      | Killed Natasha
  3059 | D:2      | Reached * piety under Ashenzari
  3069 | D:2      | Reached XP level 6. HP: 34/37 MP: 6/6
  3170 | D:2      | Noticed Natasha
  3189 | D:2      | Killed Natasha
  3466 | D:2      | Found a faded altar of an unknown god.
  3816 | D:3      | Noticed an ogre
  3819 | D:3      | Killed an ogre
  3819 | D:3      | Reached skill level 9 in Stealth
  4525 | D:4      | Found an opulent altar of Gozag.
  4978 | D:4      | Noticed an ogre
  4981 | D:4      | Killed an ogre
  4981 | D:4      | Reached XP level 7. HP: 41/41 MP: 7/7
  5236 | D:4      | Reached skill level 10 in Stealth
  5721 | D:5      | Noticed Edmund
  5758 | D:5      | Killed Edmund
  5758 | D:5      | Reached XP level 8. HP: 46/46 MP: 8/8
  6007 | D:5      | Reached skill level 11 in Stealth
  6434 | D:5      | Reached ** piety under Ashenzari
  6681 | D:5      | Splashed by a jelly's acid

Illustrated notes

Levels and vault maps discovered:
D:1:      grunt_arrival_crossed_arrows, layout_loops_ring
D:2:      layout_loops_ring, elyvilon_altar_3,
          chequers_ecumenical_altar_simple_redux, kennysheep_cross_bottleneck,
          uniq_natasha
D:3:      layout_basic
D:4:      layout_basic, nicolae_ru_path_of_blood, grunt_gozag_statues,
          minmay_temple_entry_mist, lightli_sewer_entry_pipes,
          minmay_increasing_density
D:5:      layout_basic, serial_bayou_lagoon_a, minmay_quadrilaterals,
          uniq_edmund
Temple:   regret_index_temple_mists

Skill      XL: |  1  2  3  4  5  6  7  8 |
---------------+-------------------------+-----
Short Blades   | 4 5 6 8 |  8.0
Stealth        | 7 8 9 10 11 | 11.6
Dodging        | 3 |  3.7
Fighting       | 4 |  4.2

Action                   |  1- 3 |  4- 6 |  7- 9 || total
-------------------------+-------+-------+-------++-------
Melee: Short sword       |     3 |   242 |   164 ||   409
       Flail             |       |       |    64 ||    64
       Dagger            |       |       |    22 ||    22
Throw: Dart              |       |     8 |    38 ||    46
Invok: Curse Item        |       |     2 |     2 ||     4
  Use: Scroll            |     1 |       |     3 ||     4
       Potion            |       |     6 |       ||     6
 Stab: Sleeping          |     3 |    31 |    20 ||    54
Armor: Leather armour    |       |    31 |    21 ||    52
       Ring mail         |       |       |    46 ||    46
Dodge: Dodged            |       |   179 |   143 ||   322

Table legend: (Time is in decaauts)
 A = Elapsed time spent in this place.
 B = Non-inter-level travel time spent in this place.
 C = Inter-level travel time spent in this place.
 D = Time resting spent in this place.
 E = Time spent auto-exploring this place.
 F = Levels seen in this place.
 G = Mean time per level.
                   A        B        C        D        E       F      G
               +--------+--------+--------+--------+--------+-----+--------+
         Total |   6736 |   6369 |    367 |    661 |   4368 |   6 | 1122.7 |
       Dungeon |   6387 |   6054 |    333 |    661 |   4073 |   5 | 1277.4 |
        Temple |    349 |    315 |     34 |      0 |    295 |   1 |  349.0 |
               +--------+--------+--------+--------+--------+-----+--------+

Top non-repeatable levels by time:
     D:4: 1760 daAuts
     D:3: 1490 daAuts
     D:5: 1272 daAuts
     D:2: 1185 daAuts
     D:1: 679 daAuts
  Temple: 349 daAuts
